 Seeded DCSS version 0.31-a0-219-g8d62b2e7bb (webtiles) character file.

Game seed: 13275427502194390118 (custom seed)

2715 rocky1 the Carver (level 9, -5/62 HPs)
             Began as a Merfolk Gladiator on July 4, 2023.
             Was an Initiate of Cheibriados.
             Slain by an unseen horror (7 damage)
             ... on level 7 of the Dungeon.
             The game lasted 00:20:36 (9409 turns).

rocky1 the Carver (Merfolk Gladiator)               Turns: 9409, Time: 00:20:37

Health: -5/62      AC:  9    Str: 22    XL:     9   Next: 66%
Magic:  10/10      EV: 14    Int: 10    God:    Cheibriados [......]
Gold:   203        SH:  0    Dex: 18    Spells: 3/9 levels left

rFire   + . .        p - +1 long sword (freeze)
rCold   + . .        (no shield)
rNeg    . . .        q - +0 robe {rC+ rF+}
rPois   +            m - +1 helmet
rElec   .            K - +1 cloak {rPois}
rCorr   .            (no gloves)
SInv    .            F - +2 pair of boots
Will    .....        (no amulet)
Stlth   ++           f - +6 ring of strength
HPRegen 0.30/turn    J - ring of wizardry
MPRegen 0.12/turn

%: wizardry (x1)
@: studying Armour, very slow
A: (nimble swimmer 2), mertail
a: Renounce Religion


You were on level 7 of the Dungeon.
You worshipped Cheibriados.
Cheibriados was noncommittal.
You visited 2 branches of the dungeon, and saw 8 of its levels.
You also visited: Sewer.

You collected 496 gold pieces.
You spent 293 gold pieces at shops.

Inventory:

Hand Weapons
 a - a +0 long sword
 p - a +1 long sword of freezing (weapon)
Missiles
 d - 2 throwing nets
 l - 3 javelins (quivered)
 t - 5 poisoned darts
 v - a curare-tipped dart
Armour
 m - a +1 helmet (worn)
 q - a +0 robe of resistance (worn)
 F - a +2 pair of boots (worn)
 I - a +1 robe of positive energy
 K - a +1 cloak of poison resistance (worn)
Jewellery
 f - a +6 ring of strength (left hand)
 J - a ring of wizardry (right hand)
Wands
 C - a wand of acid (14)
 H - a wand of charming (9)
Scrolls
 e - a scroll of enchant weapon {unknown}
 g - a scroll of teleportation
 h - a scroll of silence {unknown}
 i - a scroll of summoning {unknown}
 j - a scroll of fog {unknown}
 y - 2 scrolls of noise {unknown}
 B - a scroll of blinking {unknown}
 D - a scroll of brand weapon
 E - a scroll of revelation {unknown}
 G - a scroll of amnesia {unknown}
Potions
 b - a potion of curing
 c - 2 potions of haste {unknown}
 n - 2 potions of enlightenment {unknown}
 o - 4 potions of mutation {unknown}
 s - 2 potions of attraction {unknown}
 u - 2 potions of brilliance
 w - 3 potions of resistance
 x - a potion of experience {unknown}
 z - 2 potions of might {unknown}
 A - 2 potions of lignification {unknown}


   Skills:
 + Level 2.6 Fighting
 - Level 14.7 Long Blades
 - Level 3.2 Throwing
 + Level 1.2 Armour
 + Level 4.4 Dodging
 + Level 0.0 Stealth
 + Level 0.9 Spellcasting
 + Level 1.1 Ice Magic


You had 3 spell levels left.
You knew the following spells:

 Your Spells              Type           Power      Damage    Failure   Level
a - Ozocubu's Armour      Ice            2%         N/A       26%         3
b - Frozen Ramparts       Ice            4%         1d1       26%         3

Your spell library contained the following spells:

 Spells                   Type           Power      Damage    Failure   Level
 Lesser Beckoning         Tloc           0%         N/A       21%         2
 Dazzling Flash           Conj/Hex       0%         N/A       38%         3
 Gell's Gravitas          Tloc           0%         N/A       38%         3
 Teleport Other           Tloc           0%         N/A       38%         3
 Volatile Blastmotes      Fire/Tloc      0%         2d10      38%         3
 Ice Form                 Ice/Tmut       1%         N/A       69%         4
 Summon Ice Beast         Ice/Summ       1%         N/A       69%         4
 Iskenderun's Mystic Bla  Conj/Tloc      0%         2d3       77%         4
 Olgreb's Toxic Radiance  Pois           0%         N/A       77%         4
 Metabolic Englaciation   Hex/Ice        0%         N/A       95%         5
 Simulacrum               Ice/Necr       0%         N/A       100%        6
 Starburst                Conj/Fire      0%         6d3       100%        6
 Ozocubu's Refrigeration  Ice            1%         4d7       100%        7
 Discord                  Hex            0%         N/A       100%        8
 Ignition                 Fire           0%         3d3       100%        8
 Polar Vortex             Ice            1%         N/A       100%        9


Dungeon Overview and Level Annotations

Branches:
Dungeon (7/15)             Temple (1/1) D:4           Sewer (visited)

Altars:
Ashenzari
Cheibriados
Dithmenos
Elyvilon
Fedhas
Hepliaklqana
Kikubaaqudgha
Makhleb
Nemelex Xobeh
Okawaru
Qazlal
Sif Muna
Uskayaw
Vehumet
Wu Jian
Xom
Yredelemnul
Zin
The Shining One

Shops:
D:1 :==[   D:5 !

Annotations:
D:7 3 runed translucent doors, rinse's ghost, novice MfMo


Innate Abilities, Weirdness & Mutations

((You are very nimble when in or above water. (Stealth+, EV+, Speed+++)))
Your lower body shifts to a powerful aquatic tail in water.


Message History

You hit something. You freeze something. Something hits you but does no damage.
Something hits you but does no damage.
You miss something. Something hits you. x2
You slash something! You freeze something. Something hits you.
Something hits you. Something barely misses you.
You hit something but do no damage. Something hits you. Something hits you!
You closely miss something. Something hits you but does no damage.
You hit something. You freeze something. Something hits you.
You closely miss something. Something hits you. Something barely misses you.
Something hits you but does no damage.
You open the door. Something hits you. Something hits you.
There is an open door here.
Something hits you.
* * * LOW HITPOINT WARNING * * *
Something hits you.
* * * LOW HITPOINT WARNING * * *
Something hits you but does no damage.
There is an open door here.
You closely miss something. Something hits you.
* * * LOW HITPOINT WARNING * * *
You hit something. You freeze something. Your punch misses something.
Something hits you.
* * * LOW HITPOINT WARNING * * *
You feel better. Something hits you.
* * * LOW HITPOINT WARNING * * *
You close the door.
Something hits you.
* * * LOW HITPOINT WARNING * * *
Something hits you but does no damage. Something hits you.
* * * LOW HITPOINT WARNING * * *
Something hits you.
* * * LOW HITPOINT WARNING * * *
Something hits you!
* * * LOW HITPOINT WARNING * * *
There is an open door here.
Something hits you!
You die...

#.....................
#.....................#
......................#
......................###
.........................
.........................
.........................
.#######'##.............
#@##.............
#.######......... #.#
#........o #.# #.........
..# #......... ###
#......... ##########


There were no monsters in sight!

Vanquished Creatures
  Prince Ribbit (D:5)
  A wraith (D:7)
  An ice beast (D:5)
  A black bear (D:4)
  3 ogres
  3 phantoms
  A kobold brigand (Sewer)
  2 bullfrogs
  4 scorpions
  9 wights (D:6)
  2 jellies (D:6)
  3 electric eels (D:6)
  A gnoll bouda (D:7)
  2 orc priests
  2 sleepcaps
  Jessica (D:2)
  An iguana (D:5)
  2 orc wizards (D:4)
  Natasha (thrice) (D:2)
  3 gnolls (D:7)
  A river rat (D:4)
  13 adders
  A white imp (D:4)
  2 worms
  8 dart slugs
  17 orcs
  11 bats
  5 endoplasms
  6 giant cockroaches
  6 goblins
  4 hobgoblins
  2 jackals (D:2)
  15 kobolds
  4 quokkas
  5 ball pythons
  2 frilled lizards
  8 rats
156 creatures vanquished.

Vanquished Creatures (others)
  A dart slug (D:6)
1 creature vanquished.

Grand Total: 157 creatures vanquished

Notes
Turn   | Place    | Note
-------+----------+-------------------------------------------
     0 | D:1      | rocky1 the Merfolk Gladiator began the quest for the Orb.
     0 | D:1      | Reached XP level 1. HP: 16/16 MP: 1/1
    10 | D:1      | Found Onlezats's Jewellery Emporium.
   339 | D:1      | Reached skill level 4 in Long Blades
   409 | D:1      | Found Zyuqykanwy's Book Shop.
   535 | D:1      | Reached XP level 2. HP: 22/22 MP: 2/2
   535 | D:1      | Found Obocek's Jewellery Boutique.
   697 | D:1      | Found Saufiugh's Armour Emporium.
   830 | D:2      | Noticed Jessica
   833 | D:2      | Killed Jessica
   834 | D:2      | Reached skill level 5 in Long Blades
   834 | D:2      | Reached XP level 3. HP: 13/27 MP: 3/3
   949 | D:2      | Noticed Natasha
   958 | D:2      | Killed Natasha
   959 | D:2      | Reached XP level 4. HP: 29/33 MP: 4/4
  1045 | D:2      | Noticed Natasha
  1055 | D:2      | Killed Natasha
  1056 | D:2      | Reached skill level 6 in Long Blades
  1071 | D:2      | Noticed Natasha
  1075 | D:2      | Killed Natasha
  1076 | D:2      | Reached XP level 5. HP: 19/38 MP: 5/5
  1251 | D:2      | Found a glowing golden altar of the Shining One.
  1328 | D:2      | Found a faded altar of an unknown god.
  2078 | D:3      | Learned a level 3 spell: Ozocubu's Armour
  2369 | D:3      | You fall into a shaft and drop 2 floors!
  2369 | D:5      | Entered Level 5 of the Dungeon
  2373 | D:5      | Found Goteusie's Distillery.
  2384 | D:5      | Bought a potion of curing for 39 gold pieces
  2384 | D:5      | Bought a potion of heal wounds for 65 gold pieces
  2410 | D:4      | Noticed an ogre
  2413 | D:4      | Reached skill level 7 in Long Blades
  2422 | D:4      | Killed an ogre
  2423 | D:4      | Reached XP level 6. HP: 16/44 MP: 6/6
  2457 | D:4      | Found a glowing drain.
  2486 | Sewer    | Entered a sewer
  2743 | Sewer    | Reached skill level 8 in Long Blades
  2977 | D:4      | Found a staircase to the Ecumenical Temple.
  2985 | D:4      | Reached XP level 7. HP: 44/50 MP: 7/7
  2993 | Temple   | Entered the Ecumenical Temple
  3293 | D:4      | Found a blossoming altar of Fedhas.
  3774 | D:4      | Reached skill level 9 in Long Blades
  4195 | D:4      | Reached skill level 10 in Long Blades
  4751 | D:4      | Reached XP level 8. HP: 50/56 MP: 8/8
  5133 | D:3      | Found a sparkling altar of Nemelex Xobeh.
  5506 | D:5      | Reached skill level 11 in Long Blades
  5674 | D:5      | Found a hazy altar of Hepliaklqana.
  6034 | D:5      | Noticed Prince Ribbit
  6051 | D:5      | Killed Prince Ribbit
  6213 | D:5      | Found a burning altar of Makhleb.
  6553 | D:6      | Found a radiant altar of Vehumet.
  6992 | D:6      | Reached skill level 12 in Long Blades
  7318 | D:6      | Found an iron altar of Okawaru.
  7428 | D:6      | Reached skill level 13 in Long Blades
  7432 | D:6      | Reached XP level 9. HP: 54/61 MP: 9/9
  7889 | D:6      | Reached skill level 14 in Long Blades
  8491 | D:6      | Found the +7 Throatcutter {drain, coup de grace}
  8760 | Temple   | Became a worshipper of Cheibriados the Contemplative
  8871 | D:1      | Bought a +1 cloak of poison resistance for 189 gold pieces
  8975 | D:6      | Learned a level 3 spell: Frozen Ramparts
  9018 | D:7      | Found a runed translucent gate.
  9018 | D:7      | Found a runed translucent gate.
  9018 | D:7      | Found a runed translucent gate.
  9020 | D:7      | Noticed rinse's ghost (novice MfMo)
  9041 | D:7      | Found a shadowy altar of Dithmenos.
  9127 | D:7      | Reached skill level 1 in Armour
  9127 | D:7      | Reached skill level 1 in Ice Magic
  9129 | D:7      | Noticed a manticore
  9407 | D:7      | HP: 1/62 [something (7)]
  9409 | D:7      | Slain by an unseen horror

Illustrated notes

Levels and vault maps discovered:
D:1:      erik_arrival_blinker_ship, layout_loops_ring, serial_shops, shop,
          shop, shop, nicolae_shop_rolling_square
D:2:      layout_rooms, ebering_ecumenical_altar_hall, basic_altar,
          uniq_natasha, uniq_jessica
D:3:      layout_loops_ring, mainiacjoe_overflow_cross_hatched
D:4:      layout_basic, fedhas_altar_2, minmay_temple_entry_ruins,
          cheibrodos_sewer_entry_sluice, grunt_ministairs_14,
          kennysheep_cross_room
D:5:      layout_loops_ring, mainiacjoe_overflow_catwalk_spiral, serial_shops,
          shop_fountains, uniq_prince_ribbit1
D:6:      kennysheep_slugbush, layout_basic, kennysheep_little_box,
          kennysheep_mini_moat
D:7:      minmay_blocky_corners, layout_basic,
          nicolae_ru_great_annihilating_truth, amcnicky_altar_gilded,
          ebering_ghost_rock_garden
Temple:   chequers_temple_sunken

Skill      XL: |  1  2  3  4  5  6  7  8  9 |
---------------+----------------------------+-----
Long Blades    | 4 5 6 7 8 10 13 14 | 14.7
Throwing       | 3 |  3.2
Armour         | 1 |  1.2
Ice Magic      | 1 |  1.1
Fighting       | |  2.6
Dodging        | |  4.4
Spellcasting   | |  0.9

Action                     |  1- 3 |  4- 6 |  7- 9 || total
---------------------------+-------+-------+-------++-------
  Melee: Long sword        |    51 |   175 |   440 ||   666
         Punch             |     3 |       |     3 ||     6
         Tailslap          |       |     5 |       ||     5
  Throw: Boomerang         |    14 |     4 |       ||    18
         Javelin           |       |     8 |     8 ||    16
         Throwing net      |       |     2 |       ||     2
    Use: Potion            |       |       |    10 ||    10
         Scroll            |       |       |     7 ||     7
   Stab: Sleeping          |     1 |     4 |     4 ||     9
         Held in net/web   |       |     1 |       ||     1
 Armour: Leather armour    |    14 |    25 |       ||    39
         Robe              |       |    22 |    87 ||   109
  Dodge: Dodged            |    55 |    96 |   268 ||   419

Table legend: (Time is in decaauts)
 A = Elapsed time spent in this place.
 B = Non-inter-level travel time spent in this place.
 C = Inter-level travel time spent in this place.
 D = Time resting spent in this place.
 E = Time spent auto-exploring this place.
 F = Levels seen in this place.
 G = Mean time per level.
                   A        B        C        D        E       F      G
               +--------+--------+--------+--------+--------+-----+--------+
         Total |   9340 |   8653 |    687 |   3159 |   3481 |   9 | 1037.8 |
       Dungeon |   8742 |   8092 |    650 |   3107 |   3296 |   7 | 1248.9 |
        Temple |    237 |    200 |     37 |      0 |    127 |   1 |  237.0 |
         Sewer |    360 |    360 |      0 |     52 |     56 |   1 |  360.0 |
               +--------+--------+--------+--------+--------+-----+--------+

Top non-repeatable levels by time:
     D:6: 2127 daAuts
     D:4: 1982 daAuts
     D:3: 1281 daAuts
     D:5: 1138 daAuts
     D:1: 888 daAuts
     D:2: 837 daAuts
     D:7: 485 daAuts
   Sewer: 360 daAuts
  Temple: 237 daAuts
